Map: Ascension to Aiur LE

Players

Bly

  • Race: Zerg Zerg
  • League: Grandmaster
  • Spawn Location: 5:00

aLive - Winner!

  • Race: Terran Terran
  • Spawn Location: 11:00

Event: HomeStory Cup XVI

VOD

Have the link to the VOD?

Description

Time

  • Played on: Nov. 11, 2017, 12:47 p.m.
  • Length: 12:04

All games in this series

Show
View Real Time Build Order
Export as new Build Order

Bly Zerg 

Build Orders: Hatch First 

Get SALT Encoding   

  12  0:01  Drone  
  13  0:13  Overlord  
  13  0:17  Drone  
  14  0:32  Drone x2  
  16  0:35  Drone  
  17  0:53  Hatchery  
  16  0:58  Drone x2  
  18  1:04  Extractor  
  17  1:15  Spawning Pool  
  17  1:17  Drone  
  17  1:20  Drone  
  18  1:28  Drone  
  19  1:41  Overlord  
  19  1:51  Drone  
  20  2:01  Queen  
  20  2:03  Zergling x2  
  20  2:06  Queen  
  20  2:07  Zergling x2  
  26  2:13  Metabolic Boost  
  26  2:16  Drone x2  
  28  2:30  Hatchery  
  28  2:34  Drone  
  28  2:41  Drone  
  28  2:42  Drone  
  29  2:45  Queen  
  31  2:53  Overlord  
  31  3:00  Zergling x4  
  31  3:01  Zergling x4  
  35  3:29  Drone x4  
  39  3:35  Drone x2  
  39  3:36  Drone x2  
  43  3:42  Queen  
  43  3:44  Drone  
  46  3:50  Zergling x4  
  46  3:53  Zergling x4  
  50  4:00  Zergling x2  
  39  4:24  Drone  
  39  4:25  Drone x9  
  39  4:27  Overlord  
  39  4:29  Overlord  
  39  4:31  Overlord  
  49  4:37  Overlord  
  49  4:40  Roach Warren  
  49  4:41  Extractor, Overlord x2  
  46  4:46  Overlord  
  46  4:52  Drone x2  
  48  4:53  Drone  
  48  4:58  Drone x4  
  53  5:00  Roach Warren  
  50  5:07  Zergling x4  
  50  5:08  Zergling x6  
  55  5:18  Overlord  
  55  5:20  Overlord  
  52  5:35  Roach x7  
  63  5:40  Roach x2  
  63  5:41  Roach  
  69  5:49  Roach x3  
  77  5:50  Roach  
  75  5:59  Drone  
  75  6:00  Drone x5  
  75  6:04  Drone x2  
  80  6:11  Ravager x2  
  80  6:12  Ravager  
  80  6:13  Ravager  
  80  6:14  Zergling x4  
  84  6:21  Zergling x6  
  87  6:30  Zergling x4  
  87  6:31  Zergling x6  
  87  6:32  Ravager  
  94  6:40  Ravager, Overlord  
  94  6:42  Overlord  
  94  6:51  Drone x3  
  94  6:52  Drone  
  98  7:01  Overlord  
  98  7:14  Drone x11  
  98  7:15  Lair  
  109  7:17  Evolution Chamber  
  109  7:18  Evolution Chamber, Extractor  
  109  7:22  Overlord  
  106  7:26  Overlord  
  106  7:40  Drone x7  
  113  7:46  Zerg Ground Armor Level 1, Zerg Melee Weapons Level 1  
  113  7:53  Drone  
  113  7:54  Extractor  
  113  7:55  Overlord  
  113  7:57  Hatchery  
  112  8:07  Zergling x2  
  112  8:08  Zergling x14  
  112  8:11  Hatchery  
  119  8:14  Overlord  
  119  8:17  Glial Reconstitution  
  119  8:19  Infestation Pit  
  117  8:31  Overlord  
  117  8:39  Hatchery  
  114  8:54  Overlord  
  114  8:55  Overlord  
  114  8:56  Overlord  
  114  9:06  Hatchery  
  113  9:16  Roach x8  
  128  9:30  Overlord x2  
  127  9:31  Burrow  
  124  9:38  Extractor  
  124  9:41  Zerg Melee Weapons Level 2, Zerg Ground Armor Level 2  
  124  9:42  Extractor, Infestor  
  124  9:43  Infestor  
  123  9:57  Drone x3  
  126  10:05  Infestor  
  126  10:06  Ravager  
  125  10:21  Spore Crawler, Infestor  
  125  10:22  Spore Crawler  
  125  10:25  Zergling x26  
  130  10:54  Zergling x16  
  131  11:01  Hatchery  
  130  11:09  Infestor x4  
  99  11:28  Roach x7  
Show
View Real Time Build Order
Export as new Build Order

aLive Terran - Winner!

Build Orders: Gas First Reaper Expand, Hellion Opening, Reaper Expand, MMM Bio 

Get SALT Encoding   

  12  0:00  SCV  
  13  0:12  SCV  
  14  0:17  Supply Depot  
  14  0:25  SCV  
  15  0:28  Refinery  
  15  0:38  SCV  
  16  0:44  Barracks  
  16  0:50  SCV  
  17  1:03  SCV  
  18  1:15  SCV  
  19  1:31  Reaper, Orbital Command  
  20  1:42  Command Center  
  20  1:53  Factory  
  20  1:56  SCV  
  21  2:03  Refinery  
  21  2:05  Barracks Reactor  
  22  2:08  SCV  
  22  2:13  Supply Depot  
  22  2:20  SCV  
  23  2:35  SCV  
  24  2:45  Starport  
  24  2:47  SCV  
  24  2:48  Hellion x2  
  30  2:56  Orbital Command  
  30  2:59  Barracks Tech Lab  
  30  3:01  SCV  
  30  3:11  Hellion x2  
  34  3:13  SCV  
  35  3:22  SCV  
  35  3:25  SCV  
  35  3:26  Viking  
  39  3:34  SCV  
  39  3:37  SCV  
  41  3:42  Hellion x2  
  41  3:46  Supply Depot  
  45  3:52  SCV  
  46  4:03  SCV  
  46  4:05  SCV  
  40  4:11  Hellion x2  
  40  4:15  SCV  
  40  4:16  Liberator  
  36  4:24  SCV  
  34  4:27  SCV  
  34  4:29  Command Center  
  38  4:40  SCV x2  
  38  4:45  Siege Tank, Marine x2  
  45  4:52  SCV  
  45  4:53  SCV  
  45  4:58  Supply Depot  
  47  5:05  SCV x2  
  47  5:06  Marine x2  
  51  5:11  Engineering Bay x2  
  51  5:17  Siege Tank  
  54  5:22  SCV x2  
  54  5:27  Marine x2  
  58  5:34  SCV x2  
  60  5:38  Terran Infantry Weapons Level 1, Terran Infantry Armor Level 1  
  60  5:43  Orbital Command  
  60  5:46  SCV x2  
  60  5:48  Barracks  
  62  5:51  Barracks  
  58  5:58  Factory Reactor  
  58  5:59  Marine  
  58  6:00  Stimpack  
  57  6:04  SCV x2, Bunker  
  57  6:11  Supply Depot  
  59  6:12  Supply Depot  
  59  6:13  Refinery  
  59  6:14  Starport Reactor  
  59  6:17  SCV x2  
  61  6:18  Marine  
  62  6:28  SCV  
  62  6:29  Barracks, SCV  
  64  6:32  Barracks  
  64  6:34  Refinery  
  64  6:36  Marine x2  
  66  6:42  SCV x2  
  66  6:46  Marine x3  
  71  6:49  Orbital Command, Factory Tech Lab  
  71  6:52  Medivac  
  71  6:53  Medivac  
  75  6:58  Supply Depot  
  75  6:59  Supply Depot  
  75  7:01  Marine x2  
  75  7:04  Marine x3  
  75  7:06  Armory  
  80  7:09  Supply Depot  
  80  7:12  Supply Depot  
  80  7:13  Supply Depot  
  80  7:20  Barracks Reactor x2  
  80  7:22  Marine x5  
  85  7:30  Medivac x2  
  85  7:32  Orbital Command  
  89  7:40  Marine  
  89  7:43  Siege Tank  
  93  7:47  Marine x2  
  93  7:48  Marine x2  
  93  7:50  Orbital Command  
  97  7:57  Terran Infantry Weapons Level 2, Terran Infantry Armor Level 2  
  97  7:58  Marine  
  98  7:59  Supply Depot  
  98  8:00  Combat Shields  
  98  8:01  Supply Depot  
  98  8:02  Marine  
  98  8:03  Marine x2  
  101  8:21  SCV x3, Marine x4  
  101  8:22  Supply Depot  
  101  8:26  Supply Depot  
  108  8:29  Marine  
  108  8:30  Marine x2  
  108  8:31  Siege Tank  
  108  8:32  Marine  
  108  8:33  Marine  
  116  8:43  SCV  
  116  8:44  Medivac x2, SCV x2  
  119  8:57  Supply Depot x2  
  119  8:59  SCV x3  
  122  9:04  Siege Tank  
  125  9:12  Marine  
  125  9:13  Marine x8  
  133  9:22  Medivac x2  
  137  9:25  SCV x2  
  137  9:26  SCV  
  137  9:30  Supply Depot  
  137  9:31  Supply Depot  
  136  9:46  Marine  
  136  9:47  Marine x7  
  136  9:48  Siege Tank, Liberator, Marine  
  136  9:49  Liberator  
  148  9:55  Supply Depot  
  148  9:58  Supply Depot  
  150  10:02  Terran Vehicle Weapons Level 1  
  150  10:06  Marine  
  150  10:07  Marine x7  
  155  10:11  Marauder, Concussive Shells  
  163  10:23  Barracks  
  163  10:24  Refinery x2  
  163  10:25  Barracks  
  163  10:29  Barracks  
  163  10:30  Liberator  
  163  10:32  Liberator  
  163  10:36  Marine x7  
  163  10:37  Marauder  
  163  10:42  Siege Tank  
  166  11:02  Marauder, Marine x8  
  175  11:12  Barracks Tech Lab  
  175  11:13  Barracks Tech Lab  
  175  11:17  Barracks Reactor  
  172  11:19  Command Center  
  172  11:20  Marine x2  
  172  11:22  Marine x4  
  172  11:23  Marine x2  
  172  11:24  Marauder  
  156  11:36  Marauder, Marine  
  156  11:38  Marine x2  
  155  11:40  Marine x6  
  155  11:45  Marine  
Tags
 
Add a new tag
Caveats
  • Supply blocks, unpowered buildings, or Contaminate may cause inaccurate times.
  • Supply counts are checked every 10 seconds.